 Dungeon Crawl Stone Soup version 0.29-a0-25-g7f48f510a0 (webtiles) character file.

Game seed: 13010105104693784853

3233 browni3141 the Skirmisher (level 9, 0/79 HPs)
             Began as a Demigod Conjurer on Feb 1, 2022.
             Slain by a troll (11 damage)
             ... on level 7 of the Dungeon.
             The game lasted 00:15:54 (6700 turns).

browni3141 the Skirmisher (Demigod Conjurer)        Turns: 6700, Time: 00:15:55

Health: 0/79       AC:  7    Str: 26    XL:     9   Next: 39%
Magic:  17/27      EV: 11    Int: 26    God:
Gold:   109        SH:  0    Dex: 12    Spells: 6/16 levels left

rFire   . . .      SeeInvis .   w - +7 long sword of Disgust {pain, Int+2 Stlth+}
rCold   . . .      Faith    .   (no shield)
rNeg    . . .      Spirit   .   f - +0 ring mail
rPois   .          Reflect  .   (no helmet)
rElec   .          Harm     .   (no cloak)
rCorr   .          Rampage  .   j - +0 pair of gloves
Will    .....                   (no boots)
Stlth   +.........              k - amulet of regeneration
HPRegen 1.03/turn               y - +6 ring of strength
MPRegen 0.20/turn               A - ring of Udghumet {MP+9 Str+4}

@: silenced, slowed, very slow
A: high MP 1, forlorn, divine attributes
a: no special abilities


You were on level 7 of the Dungeon.
You visited 1 branch of the dungeon, and saw 7 of its levels.

You collected 139 gold pieces.
You spent 30 gold pieces at shops.

Inventory:

Hand Weapons
 b - a +0 dagger
 n - a +1 falchion of protection
 w - the +7 long sword of Disgust (weapon) {pain, Int+2 Stlth+}
   (You found it on level 4 of the Dungeon)

   In the hands of one skilled in necromantic magic, it inflicts extra damage on
   living creatures.
   Int:       It affects your intelligence (+2).
   Stlth:     It makes you more stealthy.
Missiles
 d - 11 poisoned darts
 h - a throwing net
 B - 2 atropa-tipped darts
 G - 3 curare-tipped darts
Armour
 a - a +0 robe
 f - a +0 ring mail (worn)
 j - a +0 pair of gloves (worn)
 u - a +0 chain mail
 v - a +0 scale mail
Jewellery
 k - an amulet of regeneration (around neck)
 q - a ring of positive energy
 t - a ring of willpower
 y - a +6 ring of strength (left hand)
 A - the ring of Udghumet (right hand) {MP+9 Str+4}
   (You found it on level 4 of the Dungeon)

   [ring of magical power]

   Str:       It affects your strength (+4).
   MP:        It affects your magic capacity (+9).
 D - an amulet of guardian spirit
 F - a ring of flight
Scrolls
 e - 2 scrolls of fog
 i - a scroll of silence
 l - 2 scrolls of noise
 p - a scroll of enchant armour {unknown}
 x - a scroll of amnesia {unknown}
 E - a scroll of identify
 H - a scroll of magic mapping {unknown}
 I - a scroll of immolation {unknown}
Potions
 c - a potion of degeneration
 g - a potion of magic
 m - 2 potions of cancellation {unknown}
 o - a potion of flight {unknown}
 r - 2 potions of heal wounds {unknown}
 s - a potion of curing
 z - a potion of berserk rage {unknown}
 C - a potion of invisibility {unknown}


   Skills:
 * Level 7.5 Fighting
 + Level 4.0 Long Blades
 + Level 5.1 Armour
 - Level 2.0 Dodging
 - Level 2.1 Stealth
 - Level 4.0 Spellcasting
 - Level 5.0 Conjurations
 + Level 2.9 Hexes
 - Level 3.0 Necromancy


You had 6 spell levels left.
You knew the following spells:

 Your Spells              Type           Power      Damage    Failure   Level
a - Magic Dart            Conj           100%       1d8       1%          1
b - Searing Ray           Conj           62%        2d6       2%          2
c - Dazzling Flash        Conj/Hex       50%        N/A       8%          3
d - Fulminant Prism       Conj/Hex       12%        3d9       24%         4

Your spell library contained the following spells:

 Spells                   Type           Power      Damage    Failure   Level
 Animate Dead             Necr           10%        N/A       34%         4
 Iskenderun's Mystic Bla  Conj/Tloc      18%        2d6       41%         4
 Irradiate                Conj/Tmut      9%         3d16      77%         5
 Blade Hands              Tmut           2%         N/A       98%         5
 Dragon Form              Tmut           2%         N/A       100%        7
 Haunt                    Necr/Summ      6%         N/A       100%        7
 Infestation              Necr           10%        N/A       100%        8


Dungeon Overview and Level Annotations

Branches:
Dungeon (7/15)             Temple (0/1) D:5

Shops:
D:2 ?

Annotations:
D:4 3 runed translucent doors, timneilson's ghost, amateur GrFi
D:6 Maggie
D:7 exclusion: upstairs


Innate Abilities, Weirdness & Mutations

You have an increased reservoir of magic. (+10% MP)
You shall have no god before yourself.
Your divine heritage dramatically boosts your attributes as you level up.


Message History

The floor.
The kobold brigand throws a curare-tipped dart.
The curare-tipped dart hits you.
You are poisoned.
You have difficulty breathing.
You feel yourself slow down.
You feel very sick.
The kobold brigand throws a curare-tipped dart.
The curare-tipped dart barely misses you.
The troll bites you. The troll claws you. x2
You feel sick.
You feel sick. The troll barely misses you. The troll misses you.
The troll claws you!
* * * LOW HITPOINT WARNING * * *
There is a stone staircase leading up here.
Okay, then.
It was a potion of curing.
You feel better. The troll bites you but does no damage.
The troll barely misses you. The troll claws you!
* * * LOW HITPOINT WARNING * * *
Unknown command.
You aren't carrying any items that you can evoke.
Unknown command.
As you read the scroll labelled JEATRU XIZUBB, it crumbles to dust.
A profound silence engulfs you.
It was a scroll of silence.
The troll barely misses you. x2; The troll misses you.
The kobold brigand hits you with a +0 club.
* * * LOW HITPOINT WARNING * * *
The troll closely misses you. The troll misses you.
The troll claws you but does no damage.
You feel better. The troll bites you but does no damage.
The troll barely misses you. The troll claws you but does no damage.
The kobold brigand hits you with a +0 club!
* * * LOW HITPOINT WARNING * * *
The troll misses you. The troll claws you.
* * * LOW HITPOINT WARNING * * *
The troll closely misses you. The kobold brigand barely misses you.
The troll barely misses you. The troll claws you.
* * * LOW HITPOINT WARNING * * *
The troll claws you!
You die...

#... ###.############
####.(............#
....K......######.######
#.#####....# #........#
....###....# #.#.####.#
(.....#K.#.####......#.#
#.....#..#........##.#.#
#.###.#.########@.#..#.#
#.# ##......####T.#.##.#
###...#.......<.K.#....#
#.....#...........######.
......#..................
....###..........########
#.## #..........# ..
#..........# #
#..........#####


You could see a troll and a kobold brigand.

Vanquished Creatures
  A cyclops (D:7)
  A centaur zombie (D:6)
  An unseen horror (D:7)
  Sigmund (D:4)
  2 steam dragons (D:7)
  An ice beast (D:5)
  2 sky beasts
  A black bear (D:4)
  An ogre (D:5)
  2 centaurs (D:7)
  A kobold brigand (D:7)
  2 bullfrogs
  2 scorpions
  6 killer bees (D:4)
  A jelly (D:5)
  4 orc priests
  6 hounds
  A centaur skeleton (D:4)
  4 orc wizards (D:5)
  A scorpion zombie (D:5)
  2 hound zombies (D:5)
  3 gnolls (D:3)
  A howler monkey skeleton (D:3)
  5 adders
  A shadow imp (D:6)
  An ufetubus (D:4)
  5 dart slugs
  20 orcs
  3 ball pythons
  8 bats
  8 endoplasms
  4 giant cockroaches
  7 goblins
  6 hobgoblins
  3 jackals (D:2)
  15 kobolds
  6 quokkas
  7 frilled lizards
  8 rats
154 creatures vanquished.

Vanquished Creatures (others)
  2 plants (D:2)
2 creatures vanquished.

Grand Total: 156 creatures vanquished

Notes
Turn   | Place    | Note
-------+----------+-------------------------------------------
     0 | D:1      | browni3141 the Demigod Conjurer began the quest for the
                  | Orb.
     0 | D:1      | Reached XP level 1. HP: 14/14 MP: 5/5
   226 | D:1      | Reached XP level 2. HP: 14/20 MP: 1/7
  1016 | D:1      | Learned a level 2 spell: Searing Ray
  1111 | D:1      | Reached XP level 3. HP: 26/26 MP: 2/8
  2068 | D:2      | Reached XP level 4. HP: 33/33 MP: 4/10
  2814 | D:2      | Found Yzoer's Magic Scroll Boutique.
  2917 | D:2      | Bought a scroll of identify for 20 gold pieces
  2917 | D:2      | Bought a scroll of noise for 10 gold pieces
  2966 | D:3      | Noticed a sky beast
  2976 | D:2      | Killed a sky beast
  2977 | D:2      | Reached skill level 5 in Conjurations
  2977 | D:2      | Reached XP level 5. HP: 32/38 MP: 1/13
  2982 | D:2      | Learned a level 3 spell: Dazzling Flash
  2987 | D:2      | Learned a level 4 spell: Fulminant Prism
  4247 | D:4      | Reached skill level 1 in Fighting
  4247 | D:4      | Reached skill level 1 in Armour
  4247 | D:4      | Reached XP level 6. HP: 47/47 MP: 15/15
  4321 | D:4      | Noticed Sigmund
  4402 | D:4      | Killed Sigmund
  4403 | D:4      | Reached skill level 3 in Fighting
  4568 | D:4      | Reached XP level 7. HP: 37/57 MP: 6/16
  4576 | D:4      | Reached skill level 4 in Fighting
  4690 | D:4      | Identified the +7 long sword of Disgust {pain, Int+2
                  | Stlth+}
  4705 | D:4      | Found a runed translucent gate.
  4705 | D:4      | Found a runed translucent gate.
  4709 | D:4      | Found a runed translucent gate.
  4813 | D:4      | Noticed timneilson's ghost (amateur GrFi)
  4868 | D:4      | Identified the ring of Udghumet {MP+9 Str+4}
  5298 | D:5      | Entered Level 5 of the Dungeon
  5308 | D:4      | Reached skill level 1 in Long Blades
  5413 | D:5      | Reached skill level 5 in Fighting
  5547 | D:5      | Reached XP level 8. HP: 68/68 MP: 17/17
  5778 | D:5      | Reached skill level 6 in Fighting
  6158 | D:5      | Found a staircase to the Ecumenical Temple.
  6269 | D:5      | Reached skill level 1 in Hexes
  6269 | D:5      | Reached skill level 1 in Necromancy
  6427 | D:6      | Noticed Maggie
  6591 | D:7      | Reached XP level 9. HP: 59/78 MP: 18/18
  6655 | D:7      | Noticed a cyclops
  6659 | D:7      | Reached skill level 7 in Fighting
  6665 | D:7      | Killed a cyclops
  6666 | D:7      | Reached skill level 5 in Armour
  6668 | D:7      | Killed an unseen horror
  6700 | D:7      | Slain by a troll

Illustrated notes

Levels and vault maps discovered:
D:1:      dpeg_arrival_pits, layout_loops_corners,
          hellmonk_ecumenical_altar_crossroads
D:2:      layout_loops_ring, serial_forest, infiniplex_forest_lined_3_way,
          infiniplex_forest_clump_curved, infiniplex_forest_corner_2,
          infiniplex_forest_end_2, serial_shops, nicolae_lakefront_shop,
          chequers_serial_rivers_marsh
D:3:      layout_loops_ring, elyvilon_altar_1, tso_metal_star,
          overflow_temple_1_default
D:4:      layout_basic, gammafunk_ghost_icy, eino_small_chamber_without_monster,
          minivault_1, uniq_sigmund
D:5:      layout_loops_ring, minmay_temple_entry_antechambers, corner_web_ring
D:6:      cheibrodos_barr_body, layout_basic, uniq_maggie
D:7:      layout_basic, minmay_the_grid_2x2 [minmay_the_grid_zigzag_pyramid,
          minmay_the_grid_holed_spiral, minmay_the_grid_tree,
          minmay_the_grid_prize_trominoes], uniq_duvessa

Skill      XL: |  1  2  3  4  5  6  7  8  9 |
---------------+----------------------------+-----
Stealth        | 2 |  2.1
Dodging        | 2 |  2.0
Spellcasting   | 2 3 4 |  4.0
Conjurations   | 4 5 |  5.0
Fighting       | 1 3 5 6 7 |  7.5
Armour         | 1 2 3 4 5 |  5.1
Long Blades    | 1 3 4 |  4.0
Hexes          | 2 |  2.9
Necromancy     | 2 3 |  3.0

Action                   |  1- 3 |  4- 6 |  7- 9 || total
-------------------------+-------+-------+-------++-------
Melee: Unarmed           |    12 |       |       ||    12
       Dagger            |    14 |    86 |       ||   100
       Punch             |       |     4 |     2 ||     6
       Falchion          |       |    15 |       ||    15
       Long sword        |       |       |    93 ||    93
 Cast: Magic Dart        |    99 |    77 |    40 ||   216
       Searing Ray       |       |    14 |    15 ||    29
  Use: Scroll            |     1 |     2 |     1 ||     4
       Potion            |       |       |     3 ||     3
 Stab: Sleeping          |     2 |     1 |     5 ||     8
Armor: Robe              |     3 |       |       ||     3
       Ring mail         |     8 |    36 |    74 ||   118
       Scale mail        |       |       |     2 ||     2
Dodge: Dodged            |    27 |    37 |    96 ||   160

Table legend: (Time is in decaauts)
 A = Elapsed time spent in this place.
 B = Non-inter-level travel time spent in this place.
 C = Inter-level travel time spent in this place.
 D = Time resting spent in this place.
 E = Time spent auto-exploring this place.
 F = Levels seen in this place.
 G = Mean time per level.
                   A        B        C        D        E       F      G
               +--------+--------+--------+--------+--------+-----+--------+
         Total |   6738 |   6614 |    124 |    576 |   4730 |   7 |  962.6 |
       Dungeon |   6738 |   6614 |    124 |    576 |   4730 |   7 |  962.6 |
               +--------+--------+--------+--------+--------+-----+--------+

Top non-repeatable levels by time:
     D:1: 1684 daAuts
     D:2: 1379 daAuts
     D:3: 1175 daAuts
     D:4: 1111 daAuts
     D:5: 933 daAuts
     D:7: 276 daAuts
     D:6: 178 daAuts
